AoeStats
← Death_Rider

Arena

509549434Analyzed
1v1 RM · 6d ago on Sep 27, 2026· 49m 57s· 2 players
Game mode
Random Map
Map size
Tiny (2 player)
Population
200
Speed
Normal
Resources
Standard
Victory
Conquest
Starting age
Dark Age
Ending age
Imperial Age
RankedLock teamsTeams togetherTeam positionsShared explorationLock speedFull tech treeHidden civsTurbo modeCheats
Victory
Defeat
🇩🇪 Saracens · Germany
943
+17
🇺🇸 Mongols · United States
958
-17
Death_Rider
10:05 Feudal Age
10:34 Double-Bit Axe
10:34 Horse Collar
19:36 Castle Age
17:47 Gold Mining
19:09 Forging
18:56 Loom
20:00 Scale Barding Armor
21:01 Bloodlines
20:51 Husbandry
21:39 Bow Saw
24:12 Heavy Plow
26:36 Husbandry
27:36 Town Watch
28:26 Wheelbarrow
31:48 Imperial Age
31:01 Gold Shaft Mining
31:03 Chain Barding Armor
33:02 Iron Casting
32:17 Fletching
33:02 Ballistics
33:42 Chemistry
32:47 Padded Archer Armor
34:24 Two-Man Saw
33:55 Conscription
33:40 Stone Mining
33:40 Elite Skirmisher
34:56 Thumb Ring
34:23 Elite Mameluke
37:06 Hoardings
36:32 Capped Ram
37:36 Counterweights
37:37 Bimaristan
40:18 Siege Ram
41:25 Masonry
41:10 Murder Holes
41:23 Siege Engineers
41:29 Fortified Wall
41:18 Bodkin Arrow
41:59 Plate Barding Armor
42:03 Arrowslits
42:29 Onager
43:37 Bracer
45:19 Leather Archer Armor
46:05 Blast Furnace
48:38 Guard Tower
50:35 Ring Archer Armor
50:05 Scale Mail Armor
50:46 Keep
ItsRioBambinoTTV
10:39 Feudal Age
11:05 Double-Bit Axe
17:11 Castle Age
18:48 Wheelbarrow
17:58 Town Watch
18:37 Bow Saw
22:51 Horse Collar
24:21 Loom
24:58 Husbandry
27:18 Pikeman
27:59 Squires
29:16 Fletching
29:26 Padded Archer Armor
29:50 Ballistics
32:06 Gold Mining
32:06 Stone Mining
32:59 Scale Mail Armor
33:15 Forging
34:10 Heavy Plow
34:25 Nomads
35:45 Iron Casting
35:25 Chain Mail Armor
35:20 Bodkin Arrow
37:27 Gold Shaft Mining
37:28 Stone Shaft Mining
37:54 Leather Archer Armor
39:37 Hand Cart
41:12 Bloodlines
40:32 Man-at-Arms
43:55 Bloodlines
49:28 Imperial Age
Connection lost

Rejoining the realm…

Still unreachable

The connection could not be restored.

Session expired

The server has moved on; the page needs a fresh start.